 Dungeon Crawl Stone Soup version 0.28-a0-1404-g4df0f3684d (webtiles) character file.

Game seed: 15074343210575397097

247 lonewolfV2 the Skirmisher (level 6, -2/48 HPs)
             Began as a Human Cinder Acolyte on Jan 5, 2022.
             Was an Initiate of Ignis.
             Slain by a gnoll (10 damage)
             ... on level 4 of the Dungeon.
             The game lasted 00:07:07 (4861 turns).

lonewolfV2 the Skirmisher (Human Cinder Acolyte)    Turns: 4861, Time: 00:07:08

Health: -2/48      AC:  3    Str: 14    XL:     6   Next: 34%
Magic:  8/8        EV: 12    Int: 16    God:    Ignis [......]
Gold:   278        SH:  0    Dex: 16    Spells: 5/7 levels left

rFire   + . .      SeeInvis .   n - +0 quarterstaff of the Chickpea {vorpal, Int+2 Dex+5 Stlth+}
rCold   . . .      Faith    .   (shield currently unavailable)
rNeg    . . .      Spirit   .   b - +1 robe
rPois   .          Reflect  .   (no helmet)
rElec   .          Harm     .   (no cloak)
rCorr   .          Rampage  .   (no gloves)
Will    .....                   (no boots)
Stlth   +++.......              (no amulet)
HPRegen 0.16/turn               (no ring)
MPRegen 0.11/turn               (no ring)

@: rising, flying
A: no striking features
a: Renounce Religion


You were on level 4 of the Dungeon.
You worshipped Ignis.
Ignis was noncommittal.
You visited 1 branch of the dungeon, and saw 4 of its levels.

You collected 278 gold pieces.

Inventory:

Hand Weapons
 a - a -1 hand axe of flaming
 h - a +2 short sword of flaming
 n - the +0 quarterstaff of the Chickpea (weapon) {vorpal, Int+2 Dex+5 Stlth+}
   (You found it on level 3 of the Dungeon)

   It inflicts extra damage upon your enemies.
   Int:       It affects your intelligence (+2).
   Dex:       It affects your dexterity (+5).
   Stlth:     It makes you more stealthy.
Armour
 b - a +1 robe (worn)
Jewellery
 r - the amulet of Fukhly {Reflect rC++ Str+4 Int-5 SH+5}
   (You took it off an orc on level 4 of the Dungeon)

   [amulet of reflection]

   It reflects blocked missile attacks.
   Str:       It affects your strength (+4).
   Int:       It affects your intelligence (-5).
   rC:        It greatly protects you from cold.
   SH:        It affects your SH (+5).
Scrolls
 e - a scroll of magic mapping
 g - 2 scrolls of fear {unknown}
 p - a scroll of identify
 q - a scroll of fog {unknown}
Potions
 c - a potion of degeneration {unknown}
 d - a potion of might {unknown}
 f - a potion of heal wounds {unknown}
 i - a potion of attraction
 j - 2 potions of brilliance
 k - a potion of berserk rage {unknown}
 l - a potion of flight {unknown}
 m - a potion of lignification {unknown}
 o - a potion of cancellation {unknown}


   Skills:
 + Level 4.3 Fighting
 + Level 1.0 Short Blades
 + Level 3.9 Axes
 + Level 2.0 Staves
 + Level 1.5 Dodging
 + Level 0.7 Stealth
 + Level 1.4 Spellcasting
 + Level 3.5 Fire Magic


You had 5 spell levels left.
You knew the following spells:

 Your Spells              Type           Power      Damage    Failure   Level
a - Scorch                Fire           24%        2d6       8%          2

Your spell library contained the following spells:

 Spells                   Type           Power      Damage    Failure   Level
 Freeze                   Ice            4%         1d3       22%         1
 Magic Dart               Conj           4%         1d3       22%         1
 Searing Ray              Conj           2%         2d4       32%         2
 Frozen Ramparts          Ice            2%         1d2       54%         3
 Fulminant Prism          Conj/Hex       0%         3d6       91%         4
 Hailstorm                Conj/Ice       1%         3d3       91%         4


Dungeon Overview and Level Annotations

Branches:
Dungeon (4/15)
 Temple: D:4-7

Altars:
Dithmenos
Fedhas
Okawaru

Annotations:
D:4 2 runed translucent doors


Message History

You sock the gnoll!
The gnoll is severely wounded.
The gnoll completely misses you.
The gnoll hits you with a +2 whip of venom!
The gnoll shaman calls upon its god to speed up the gnoll.
The gnoll seems to speed up.
The gnoll hits you with a +0 halberd! The gnoll barely misses you.
Activating: Foxfire Swarm
Press: ? - help, Dir - look around, f - activate Flames leap up around you!
You can no longer armour yourself in flame.
You can no longer call a swarm of foxfires against your foes.
The gnoll hits you with a +0 whip.
* * * LOW HITPOINT WARNING * * *
The gnoll completely misses you. x2; The foxfire hits the gnoll shaman.
The gnoll shaman is lightly wounded.
The gnoll barely misses you.
You begin to rise into the air.
The foxfire hits the gnoll but does no damage.
The foxfire hits the gnoll.
The gnoll is moderately wounded.
The foxfire hits the gnoll shaman.
The gnoll shaman is moderately wounded.
The foxfire hits the gnoll shaman.
The gnoll shaman is moderately wounded.
The foxfire hits the gnoll.
The gnoll is heavily wounded.
The foxfire hits the gnoll but does no damage.
The foxfire hits the gnoll shaman.
The gnoll shaman is heavily wounded.
The foxfire hits the gnoll.
The gnoll is moderately wounded.
The foxfire hits the gnoll but does no damage.
The gnoll is moderately wounded.
The gnoll misses you.
The gnoll hits you from afar with a +0 halberd.
* * * LOW HITPOINT WARNING * * *
The gnoll barely misses you. The gnoll misses you.
The gnoll hits you from afar with a +0 halberd!
You die...

...##..####..##..##..#...8#..#8..
...##'#####..##...#..#.####++####
#####..#.....#....#....# #S.# #
#..##..#.....#....#....# #..# #
#......##....####.####.# #..# #
.......##....##...# #.# #..# #
#####..#......#gg.# #.## .... ##
#..######.....#gg.####..########.
#..##..##.....#.@g...............
..(#..>.#.....#...###....###...(.
#..##..##....##g.## ###### ######
#..##..##....##..##
..................#
.......>..........#
##.########'###..##
##.########..#####
..............#


You could see a gnoll shaman and 5 gnolls.

Vanquished Creatures
  A howler monkey (D:4)
  A hound (D:3)
  7 adders
  2 worms (D:2)
  A dart slug (D:1)
  7 orcs
  6 ball pythons
  6 bats
  8 endoplasms
  8 giant cockroaches
  7 goblins
  12 hobgoblins
  5 jackals
  7 kobolds
  3 quokkas
  4 frilled lizards
  11 rats
96 creatures vanquished.

Vanquished Creatures (others)
  67 foxfires
67 creatures vanquished.

Grand Total: 163 creatures vanquished

Notes
Turn   | Place    | Note
-------+----------+-------------------------------------------
     0 | D:1      | lonewolfV2 the Human Cinder Acolyte began the quest for the
                  | Orb.
     0 | D:1      | Reached XP level 1. HP: 18/18 MP: 2/2
   147 | D:1      | Reached XP level 2. HP: 19/24 MP: 3/3
   417 | D:1      | Learned a level 2 spell: Scorch
   473 | D:1      | Reached XP level 3. HP: 20/29 MP: 1/4
  1269 | D:2      | Reached XP level 4. HP: 30/36 MP: 5/5
  1822 | D:2      | Found a blossoming altar of Fedhas.
  1833 | D:2      | Found a faded altar of an unknown god.
  1935 | D:2      | Reached skill level 1 in Dodging
  2962 | D:3      | Reached XP level 5. HP: 34/42 MP: 3/6
  3253 | D:3      | Identified the +0 quarterstaff of the Chickpea {vorpal,
                  | Int+2 Dex+5 Stlth+}
  3407 | D:3      | Reached skill level 4 in Fighting
  3530 | D:3      | Reached skill level 1 in Short Blades
  3747 | D:3      | Found a shadowy altar of Dithmenos.
  3915 | D:4      | Reached XP level 6. HP: 41/48 MP: 8/8
  3993 | D:4      | Reached skill level 1 in Staves
  4030 | D:4      | Found an iron altar of Okawaru.
  4295 | D:4      | Found a large runed translucent door.
  4301 | D:4      | Found a large runed translucent door.
  4460 | D:4      | Identified the amulet of Fukhly {Reflect rC++ Str+4 Int-5
                  | SH+5}
  4861 | D:4      | Slain by a gnoll

Illustrated notes

Levels and vault maps discovered:
D:1:      lightli_arrival_maybe_door_vault, layout_loops_ring
D:2:      layout_rooms, basic_altar, shapermc_ecumenical_altar_mp_vishouse,
          minmay_diced_spiral
D:3:      layout_rooms, mainiacjoe_overflow_alcove_4
D:4:      layout_gridville, okawaru_ov_weapons_minmay, jmf_multi_god_temple2

Skill      XL: |  1  2  3  4  5  6 |
---------------+-------------------+-----
Dodging        | 1 |  1.5
Fighting       | 4 |  4.3
Short Blades   | 1 |  1.0
Staves         | 2 |  2.0
Axes           | |  3.9
Stealth        | |  0.7
Spellcasting   | |  1.4
Fire Magic     | |  3.5

Action                   |  1- 3 |  4- 6 || total
-------------------------+-------+-------++-------
Melee: Hand axe          |    60 |       ||    60
       Short sword       |     8 |    72 ||    80
       Punch             |     1 |     1 ||     2
       Quarterstaff      |       |    64 ||    64
 Cast: Scorch            |     4 |     5 ||     9
Invok: Foxfire Swarm     |     4 |     3 ||     7
       Fiery Armour      |     1 |     1 ||     2
       Rising Flame      |       |     1 ||     1
  Use: Scroll            |       |     6 ||     6
       Potion            |       |     1 ||     1
 Stab: Sleeping          |       |     1 ||     1
Armor: Robe              |    40 |    38 ||    78
Dodge: Dodged            |    60 |   132 ||   192

Table legend: (Time is in decaauts)
 A = Elapsed time spent in this place.
 B = Non-inter-level travel time spent in this place.
 C = Inter-level travel time spent in this place.
 D = Time resting spent in this place.
 E = Time spent auto-exploring this place.
 F = Levels seen in this place.
 G = Mean time per level.
                   A        B        C        D        E       F      G
               +--------+--------+--------+--------+--------+-----+--------+
         Total |   4876 |   4791 |     85 |    438 |   3518 |   4 | 1219.0 |
       Dungeon |   4876 |   4791 |     85 |    438 |   3518 |   4 | 1219.0 |
               +--------+--------+--------+--------+--------+-----+--------+

Top non-repeatable levels by time:
     D:2: 1753 daAuts
     D:1: 1197 daAuts
     D:4: 1076 daAuts
     D:3: 848 daAuts
